 Dungeon Crawl Stone Soup version 0.29-a0-284-gf9362112df (webtiles) character file.

Game seed: 7108515078866084303

16 spaghetti the Sneak (level 2, -1/21 HPs)
             Began as an Octopode Abyssal Knight on Mar 22, 2022.
             Was a Believer of Lugonu.
             Slain by a jackal (2 damage)
             ... on level 2 of the Dungeon.
             The game lasted 00:00:28 (158 turns).

spaghetti the Sneak (Octopode Abyssal Knight)        Turns: 158, Time: 00:00:28

Health: -1/21      AC:  1    Str: 12    XL:     2   Next: 58%
Magic:  3/3        EV: 13    Int: 12    God:    Lugonu [**....]
Gold:   17         SH:  0    Dex: 12    Spells: 1/1 levels left

rFire   . . .      SeeInvis .   a - +1 short sword {short}
rCold   . . .      Faith    .   (no shield)
rNeg    . . .      Spirit   .   (helmet restricted)
rPois   .          Reflect  .   (no amulet)
rElec   .          Harm     .   (no ring)
rCorr   .          Rampage  .   (no ring)
Will    .....                   (no ring)
Stlth   +++.......              (no ring)
HPRegen 0.07/turn               (no ring)
MPRegen 0.08/turn               (no ring)
                                (no ring)
                                (no ring)

@: no status effects
A: almost no armour, amphibious, 8 rings, camouflage 1, gelatinous body 1,
(nimble swimmer 1), tentacles
a: Renounce Religion, Depart the Abyss, Bend Space


You were on level 2 of the Dungeon.
You worshipped Lugonu.
Lugonu was pleased with you.
You visited 1 branch of the dungeon, and saw 2 of its levels.
You visited the Abyss 1 time.

You collected 17 gold pieces.


Innate Abilities, Weirdness & Mutations

You cannot wear most types of armour.
You are amphibious.
You can wear up to eight rings at the same time.
Your skin changes colour to match your surroundings (Stealth+).
Your rubbery body absorbs attacks. (AC +1, EV +1)
((You are camouflaged when in or above water. (Stealth+)))
You have tentacles for arms and can constrict up to eight enemies at once.


   Skills:
 - Level 3.0 Fighting
 - Level 2.0 Short Blades
 - Level 2.3 Dodging
 + Level 3.2 Stealth
 - Level 2.0 Invocations


You had one spell level left.
You didn't know any spells.
Your spell library was empty.

Inventory:

Hand Weapons
 a - a +1 short sword (weapon) {short}
Missiles
 b - 23 stones {throwing}

Dungeon Overview and Level Annotations

Branches:
Dungeon (2/15)

Altars:

###$#+# ######
.......# ......
#.....##...... #
#............$ #.
#...........#
#..#....#.....###
.........h†......
##.#....@h)h.....
#......<#h#...###
.................
#.......#.####...
##.#....#.# ..
........... .
...#........
...#......... ..
#...... ..#


You could see 4 jackals.


Message History

Lugonu accepts your kill.
The hobgoblin shouts!
The kobold closely misses you.
You hit the kobold.
You kill the kobold!
Lugonu accepts your kill.
A hobgoblin comes into view.
You see here a +0 dagger {short}.
The hobgoblin hits you. 😕 HP[-1]
You take 1 damage, and now have 15/16 hp.
The hobgoblin shouts!
You hit the hobgoblin.
You kill the hobgoblin!
Lugonu accepts your kill.
Your Stealth skill increases to level 2!
You see here 23 stones {throwing}.
The hobgoblin closely misses you.
You hit the hobgoblin. You grab the hobgoblin. You squeeze the hobgoblin.
You kill the hobgoblin!
Lugonu accepts your kill.
You have reached level 2! 😕 HP[+5] MP[+1]
You now have 21 max hp (+5).
You regained 5 hp, and now have 20/21 hp.
Your mp is fully restored (3).
b - 23 stones {throwing} You now have 17 gold pieces.
Found a stone staircase leading down. 😎 HP[+1]
Your hp is fully restored (21).
A ball python comes into view.
A ball python is nearby!
There is a stone staircase leading down here.
You climb downwards.
There is a stone staircase leading up here.
Unknown command.
Unknown command.
A jackal comes into view.
The kobold throws a stone.
The stone closely misses you.
The adder hisses angrily.
The jackal barks!
You hear a bark! x2
You hit the kobold but do no damage. Your grab misses the kobold.
The adder bites you.
A jackal comes into view.
The kobold closely misses you. 😕 HP[-3]
You take 3 damage, and now have 18/21 hp.
You barely miss the kobold.
The jackal barks!
You grab the kobold.
You constrict the kobold, but do no damage.
You hear a bark!
The adder completely misses you.
A jackal comes into view.
The kobold barely misses you.
You hit the adder. Your grab misses the adder. You constrict the kobold.
The adder bites you.
The kobold completely misses you. 😕 HP[-2]
You take 2 damage, and now have 16/21 hp.
You miss the adder. Your grab misses the adder. You constrict the kobold.
The adder closely misses you. The adder bites you.
The kobold barely misses you. 😮 HP[-4]
You take 4 damage, and now have 12/21 hp.
You hit the adder. You grab the adder. You constrict the kobold.
You kill the kobold!
Lugonu accepts your kill.
You constrict the adder.
A jackal comes into view.
The adder bites you. 😮 HP[-1]
You take 1 damage, and now have 11/21 hp.
You hit the jackal. Your grab misses the jackal. You constrict the adder.
The jackal closely misses you. The adder barely misses you.
You hit the jackal. Your grab misses the jackal.
Your squeeze misses the jackal. You constrict the adder.
You kill the adder!
Lugonu accepts your kill. The jackal bites you.
* * * LOW HITPOINT WARNING * * *
Your Stealth skill increases to level 3! 😨 HP[-2]
You take 2 damage, and now have 9/21 hp.
You closely miss the jackal. You grab the jackal. You constrict the jackal.
The jackal bites you.
* * * LOW HITPOINT WARNING * * *
The jackal bites you.
* * * LOW HITPOINT WARNING * * *
The jackal closely misses you. The jackal barely misses you.
The jackal closely misses you. The jackal bites you.
* * * LOW HITPOINT WARNING * * *
😱 HP[-8]
You take 8 damage, and now have 1/21 hp.
MASSIVE DAMAGE!! (PAUSE)
You aren't carrying any scrolls.
Unknown command.
You aren't carrying any potions.
You release your grip on the jackal.
The jackal attacks as you move away! The jackal closely misses you.
The jackal bites you.
You die...

Skill      XL: |  1  2 |
---------------+-------+-----
Stealth        | 2 3 |  3.2
Fighting       | |  3.0
Short Blades   | |  2.0
Dodging        | |  2.3
Invocations    | |  2.0

Action                   || total
-------------------------++-------
Melee: Short sword       ||    14
       Constrict         ||     5
       Tentacles         ||     1
 Stab: Sleeping          ||     1
Dodge: Dodged            ||    17

Levels and vault maps discovered:
D:1:      denvon_arrival_hothouse, layout_loops_ring
D:2:      layout_basic, minmay_misc_feat_square, uniq_robin, uniq_sigmund,
          uniq_terence

Notes
Turn   | Place    | Note
-------+----------+-------------------------------------------
     0 | Abyss:1  | spaghetti the Octopode Abyssal Knight began the quest for
                  | the Orb.
     0 | Abyss:1  | Reached XP level 1. HP: 16/16 MP: 2/2
     0 | Abyss:1  | magus.rc [v1.9.6]
     8 | D:1      | You pass through the gate.
     8 | D:1      | Escaped the Abyss
    37 | D:1      | Reached skill level 1 in Stealth
   111 | D:1      | Reached skill level 2 in Stealth
   114 | D:1      | Reached XP level 2. HP: 20/21 MP: 3/3
   157 | D:2      | Reached skill level 3 in Stealth
   157 | D:2      | HP: 4/21 [jackal (3)]
   157 | D:2      | HP: 1/21 [jackal (3)]
   158 | D:2      | Slain by a jackal

Vanquished Creatures
  An adder (D:2)
  A dart slug (D:1)
  2 hobgoblins (D:1)
  A ball python (D:1)
  2 kobolds
7 creatures vanquished.

Table legend:
 A = Non-vault XP
 B = Vault XP
 C = Vault XP percentage of total XP
 D = Non-vault monster count
 E = Vault monster count
 F = Vault count percentage of total count
                 A         B        C        D         E       F
            +---------+---------+-------+---------+---------+-------
      Total |      24 |       0 |   0.0 |       7 |       0 |   0.0
            +---------+---------+-------+---------+---------+-------
        D:1 |      10 |       0 |   0.0 |       5 |       0 |   0.0
        D:2 |      14 |       0 |   0.0 |       2 |       0 |   0.0
            +---------+---------+-------+---------+---------+-------

Illustrated notes

Table legend:
 A = Kills in this place as a percentage of kills in entire the game.
 B = Kills by you in this place as a percentage of kills by you in the entire game.
 C = Kills by friends in this place as a percentage of kills by friends in the entire game.
 D = Other kills in this place as a percentage of other kills in the entire game.
 E = Experience gained in this place as a percentage of experience gained in the entire game.
 F = Experience gained in this place divided by the number of levels of this place that you have seen.
                   A       B       C       D       E      F
               +-------+-------+-------+-------+-------+----------------------
         Total | 100.0 | 100.0 |   N/A |   N/A | 100.0 |   8.0
       Dungeon | 100.0 | 100.0 |   N/A |   N/A | 100.0 |  12.0
               +-------+-------+-------+-------+-------+----------------------

Table legend: (Time is in decaauts)
 A = Elapsed time spent in this place.
 B = Non-inter-level travel time spent in this place.
 C = Inter-level travel time spent in this place.
 D = Time resting spent in this place.
 E = Time spent auto-exploring this place.
 F = Levels seen in this place.
 G = Mean time per level.
                   A        B        C        D        E       F      G
               +--------+--------+--------+--------+--------+-----+--------+
         Total |    157 |    157 |      0 |     62 |     46 |   3 |   52.3 |
       Dungeon |    149 |    149 |      0 |     62 |     45 |   2 |   74.5 |
         Abyss |      8 |      8 |      0 |      0 |      1 |   1 |    8.0 |
               +--------+--------+--------+--------+--------+-----+--------+

Top non-repeatable levels by time:
     D:1: 138 daAuts
     D:2: 10 daAuts
 Abyss:1: 8 daAuts
